 Dungeon Crawl Stone Soup version 0.23.2-40-g277498a001 (webtiles) character file.

Game seed: 12022354623308987294

900 BinkBink the Cudgeler (level 7, 0/64 HPs)
             Began as a Deep Dwarf Berserker on Aug 16, 2019.
             Was a Believer of Trog.
             Slain by Natasha (2 damage)
             ... on level 4 of the Dungeon.
             The game lasted 00:07:10 (2653 turns).

BinkBink the Cudgeler (Deep Dwarf Berserker)        Turns: 2653, Time: 00:07:10

Health: 0/64       AC:  7    Str: 21    XL:     7   Next: 79%
Magic:  5/5        EV: 12    Int:  9    God:    Trog [**....]
Gold:   154        SH:  0    Dex: 12    Spells: 6/6 levels left

rFire    . . .     SeeInvis .   a - +0 mace
rCold    . . .     Gourm    .   (no shield)
rNeg     . . .     Faith    .   d - +0 ring mail
rPois    .         Spirit   .   p - +0 helmet
rElec    .         Reflect  .   (no cloak)
rCorr    .         Harm     .   (no gloves)
MR       +....                  (no boots)
Stlth    +.........             (no amulet)
HPRegen  0.00/turn              (no ring)
MPRegen  0.09/turn              (no ring)

@: non-regenerating
A: damage resistance, heal wounds, sense surroundings 1, no regeneration
a: Heal Wounds, Berserk, Trog's Hand, Renounce Religion


You were on level 4 of the Dungeon.
You worshipped Trog.
Trog was pleased with you.
You were hungry.

You visited 1 branch of the dungeon, and saw 4 of its levels.

You collected 154 gold pieces.

Inventory:

Hand Weapons
 a - a +0 mace (weapon)
 n - a +4 hunting sling
Missiles
 l - 26 stones (quivered)
Armour
 d - a +0 ring mail (worn)
 p - a +0 helmet (worn)
Jewellery
 u - an uncursed amulet of faith {unknown}
Scrolls
 f - 2 scrolls of remove curse {unknown}
 h - 2 scrolls of teleportation {unknown}
 k - 2 scrolls of blinking {unknown}
 q - a scroll of fear {unknown}
 r - a scroll of identify {unknown}
 s - a scroll of random uselessness {unknown}
Potions
 b - 2 potions of curing {unknown}
 e - 2 potions of haste {unknown}
 g - 3 potions of mutation {unknown}
 i - 2 potions of flight {unknown}
 j - a potion of agility {unknown}
 m - 2 potions of heal wounds {unknown}
 o - a potion of ambrosia {unknown}
 t - a potion of invisibility {unknown}
 v - a potion of degeneration {unknown}
Comestibles
 c - 5 rations


   Skills:
 + Level 4.1 Fighting
 + Level 5.5 Maces & Flails
 + Level 5.4 Slings
 + Level 4.3 Armour
 + Level 3.4 Dodging


You had 6 spell levels left.
You didn't know any spells.
Your spell library was empty.

Dungeon Overview and Level Annotations

Branches:
Dungeon (4/15)
 Temple: D:4-7

Altars:
Hepliaklqana
Wu Jian
Zin

Shops:
D:4 (

Annotations:
D:4 Natasha


Innate Abilities, Weirdness & Mutations

You are resistant to damage.
You can heal yourself by infusing magical energy.
You passively map a small area around you.
You do not regenerate.


Message History

Natasha stares at you and mumbles some strange words.
The magic dart hits you!
The orc priest calls down the wrath of Beogh upon you.
Beogh smites you!
* * * LOW HITPOINT WARNING * * *
Natasha casts a spell.
You fail to use your ability.
The white imp gestures at you. The puff of frost hits you!
* * * LOW HITPOINT WARNING * * *
The orc warrior closely misses you.
Natasha mumbles some strange words.
The iron imp shouts, "Scamper hence, thou defiled two-tin-hat flap-bat!"
The iron imp hits you.
* * * LOW HITPOINT WARNING * * *
The white imp hits you but does no damage.
You fail to use your ability.
You feel yourself speed up. Natasha claws you.
You die...

#.####..†..........J####...(.....
..####..##................o...##.
..##....##..#..........J...)..#..
........###.##....##+##5...(.....
..........#.#.....#≈≈≈#...(......
.>................'≈≈≈'..(.......
..#............5..#≈≈≈#......(...
.##...###....#....##'##.........#
###.....#......5@ho...(........##
#..#.##........5o.o..........#
,##.#.........................#
,, ####........................#
, ............##........... ,
*#........................ *
#.................#.... *
##.#........###..###.#,
#####......., ..#


You could see an orc warrior, an iron imp, an orc priest, Natasha, a white imp,
a shadow imp and an orc.

Vanquished Creatures
  Purgy (D:3)
  2 ogres
  A centaur (D:3)
  A scorpion (D:4)
  A howler monkey (D:2)
  3 orc priests
  A bullfrog skeleton (D:4)
  A hound (D:4)
  An orc wizard (D:4)
  An iguana (D:4)
  2 worker ants
  A hound skeleton (D:4)
  4 gnolls
  9 adders
  4 worms
  A dart slug (D:1)
  5 orcs
  2 ball pythons (D:3)
  9 bats
  2 giant cockroaches (D:2)
  5 goblins
  6 hobgoblins
  4 jackals (D:3)
  5 kobolds
  3 quokkas
  9 frilled lizards
  12 rats
96 creatures vanquished.

Notes
Turn   | Place    | Note
-------+----------+-------------------------------------------
     0 | D:1      | BinkBink the Deep Dwarf Berserker began the quest for the
                  | Orb.
     0 | D:1      | Reached XP level 1. HP: 20/20 MP: 1/1
    14 | D:1      | Noticed a naga
    14 | D:1      | Noticed a merfolk
    16 | D:1      | Noticed a demigod
    16 | D:1      | Noticed a minotaur
    18 | D:1      | Noticed a tengu
    18 | D:1      | Noticed a spriggan
    21 | D:1      | Noticed a centaur
    21 | D:1      | Noticed an octopode
    23 | D:1      | Noticed a dwarf
    25 | D:1      | Noticed a vine stalker
    25 | D:1      | Noticed a halfling
    27 | D:1      | Noticed an elf
    29 | D:1      | Noticed a formicid
    31 | D:1      | Noticed a gargoyle
    31 | D:1      | Noticed a felid
    33 | D:1      | Noticed a vampire
    35 | D:1      | Noticed a ghoul
    35 | D:1      | Noticed a demonspawn
    37 | D:1      | Noticed a troll
    37 | D:1      | Noticed an ogre
    39 | D:1      | Noticed a human
    39 | D:1      | Noticed a draconian
   306 | D:1      | Reached XP level 2. HP: 8/28 MP: 2/2
   555 | D:2      | Reached XP level 3. HP: 30/34 MP: 3/3
   668 | D:2      | Reached ** piety under Trog
   696 | D:2      | Reached XP level 4. HP: 42/42 MP: 3/3
   738 | D:2      | Noticed an ogre
   749 | D:2      | Killed an ogre
   749 | D:2      | Reached XP level 5. HP: 35/49 MP: 4/4
  1025 | D:2      | Found an ornate altar of the Wu Jian Council.
  1033 | D:2      | Found a hazy altar of Hepliaklqana.
  1034 | D:2      | Found a glowing silver altar of Zin.
  1050 | D:2      | Reached skill level 1 in Slings
  1315 | D:3      | Noticed a centaur
  1319 | D:3      | Killed a centaur
  1319 | D:3      | Reached XP level 6. HP: 28/56 MP: 5/5
  1446 | D:3      | Reached skill level 5 in Maces & Flails
  1632 | D:3      | Noticed Purgy
  1647 | D:3      | Killed Purgy
  1780 | D:3      | Reached *** piety under Trog
  1832 | D:3      | Reached XP level 7. HP: 49/63 MP: 6/6
  2464 | D:4      | Found Puuzxap's Weapon Boutique.
  2586 | D:4      | Reached skill level 5 in Slings
  2636 | D:4      | Noticed Natasha
  2652 | D:4      | HP: 2/64 [iron imp[Natasha] (4)]
  2653 | D:4      | Slain by Natasha

Skill      XL: |  1  2  3  4  5  6  7 |
---------------+----------------------+-----
Fighting       | 3 4 |  4.1
Maces & Flails | 4 5 |  5.5
Armour         | 3 4 |  4.3
Dodging        | 3 |  3.4
Slings         | 2 3 5 |  5.4

Action                   |  1- 3 |  4- 6 |  7- 9 || total
-------------------------+-------+-------+-------++-------
Melee: Mace              |    77 |    49 |    58 ||   184
 Fire: Hunting sling     |       |   118 |    61 ||   179
Invok: Trog's Hand       |       |     3 |     5 ||     8
 Abil: Heal Wounds       |     2 |     1 |     2 ||     5
  Eat: Chunk             |       |     4 |     4 ||     8
Armor: Ring mail         |    39 |    27 |    34 ||   100
Dodge: Dodged            |    73 |    54 |    71 ||   198
